Map: Overgrowth LE (Void)

Players

Musumeci - Winner!

  • Race: Zerg Zerg
  • League: Diamond
  • Spawn Location: 1:00

SPcrusader

  • Race: Protoss Protoss
  • League: Diamond
  • Spawn Location: 7:00

VOD

Have the link to the VOD?

Description

Time

  • Played on: Jan. 9, 2017, 1:20 p.m.
  • Length: 6:01
Show
View Real Time Build Order
Export as new Build Order

Musumeci Zerg - Winner!

Build Orders: Hatch First 

Get SALT Encoding   

  12  0:02  Drone  
  13  0:07  Drone  
  14  0:21  Drone, Extractor  
  15  0:39  Hatchery  
  14  0:44  Extractor  
  14  0:45  Drone  
  15  1:02  Spawning Pool  
  14  1:53  Zergling x2  
  14  1:54  Zergling x6  
  13  2:23  Drone  
  13  2:24  Drone  
  13  2:29  Drone x3  
  14  2:35  Drone  
  15  2:42  Drone  
  16  2:48  Drone  
  17  2:53  Drone  
  17  2:56  Drone  
  19  3:06  Overlord  
  19  3:20  Zergling x2  
  19  3:27  Evolution Chamber  
  19  3:28  Drone  
  19  3:29  Extractor  
  19  3:33  Drone x2  
  19  3:34  Zergling x2  
  22  3:40  Drone x3  
  25  4:04  Drone x2  
  25  4:05  Drone  
  25  4:06  Overlord  
  28  4:24  Queen  
  30  4:36  Zergling x6  
  33  4:48  Zergling x2  
  33  4:49  Zergling x4  
  33  5:04  Drone x3  
  35  5:16  Spore Crawler  
  35  5:18  Spore Crawler  
  33  5:37  Drone x3  
Show
View Real Time Build Order
Export as new Build Order

SPcrusader Protoss 

Build Orders: Cannon Rush 

Get SALT Encoding   

  12  0:01  Probe (Chrono Boost)  
  13  0:11  Probe (Chrono Boost)  
  14  0:20  Pylon  
  14  0:23  Probe (Chrono Boost)  
  15  0:39  Forge  
  15  0:51  Pylon  
  15  1:18  Photon Cannon  
  14  1:19  Photon Cannon  
  14  1:21  Photon Cannon  
  13  1:52  Gateway  
  13  2:02  Probe (Chrono Boost)  
  14  2:13  Probe (Chrono Boost)  
  14  2:14  Photon Cannon  
  14  2:24  Probe (Chrono Boost)  
  15  2:34  Probe (Chrono Boost)  
  15  2:35  Photon Cannon  
  16  2:39  Zealot  
  18  2:45  Cybernetics Core  
  18  2:48  Probe (Chrono Boost)  
  19  2:59  Probe (Chrono Boost)  
  20  3:13  Nexus  
  20  3:24  Assimilator  
  20  3:28  Assimilator, Probe (Chrono Boost)  
  21  3:38  Probe (Chrono Boost)  
  22  3:49  Probe (Chrono Boost)  
  22  3:52  Pylon  
  23  4:11  Probe (Chrono Boost)  
  23  4:16  Pylon  
  24  4:19  Twilight Council  
  24  4:28  Photon Cannon  
  24  4:33  Mothership Core (Chrono Boost)  
  25  5:08  Probe (Chrono Boost)  
  26  5:14  Twilight Council  
  26  5:18  Pylon  
  26  5:19  Probe (Chrono Boost)  
  28  5:21  Probe (Chrono Boost)  
  28  5:29  Probe (Chrono Boost)  
  27  5:42  Probe (Chrono Boost)  
Tags
 
Add a new tag
Caveats
  • Supply blocks, unpowered buildings, or Contaminate may cause inaccurate times.
  • Supply counts are checked every 10 seconds.